 Dungeon Crawl Stone Soup version 0.22-a0-407-gb098539 (webtiles) character file.

124656 inmateoo the Fencer (level 17, -4/122 HPs)
             Began as a Halfling Gladiator on May 9, 2018.
             Was the Champion of Okawaru.
             Slain by a seven-headed hydra simulacrum (10 damage)
             ... on level 4 of the Swamp.
             The game lasted 00:44:21 (27099 turns).

inmateoo the Fencer (Halfling Gladiator)           Turns: 27099, Time: 00:44:22

Health: -4/122     AC: 22    Str: 15    XL:     17   Next: 48%
Magic:  23/23      EV: 26    Int: 11    God:    Okawaru [******]
Gold:   746        SH:  0    Dex: 27    Spells: 16/16 levels left

rFire    . . .     SeeInvis .   T - +9 double sword (slice)
rCold    + . .     Gourm    .   (shield currently unavailable)
rNeg     . . .     Faith    .   B - +8 scale mail of the Louse {rF- Dex+4 Stlth+}
rPois    +         Spirit   .   a - +0 hat of Tomorrow {Regen+}
rElec    .         Reflect  .   Y - +0 cloak of Osa Biff {rPois MR+}
rCorr    .         Harm     .   s - +0 pair of gloves
MR       ++...                  H - +2 pair of boots of the Assassin {Detection Stab+ Stlth++}
Stlth    +++++++...             (no amulet)
HPRegen  0.70/turn              u - ring of protection from fire
MPRegen  0.18/turn              m - ring "Hiofann" {rC+ Int+5}

@: slowed, very slow
A: small, mutation resistance 1
a: Heroism, Finesse, Renounce Religion


You were on level 4 of the Swamp.
You worshipped Okawaru.
Okawaru was exalted by your worship.
You were very hungry.

You visited 4 branches of the dungeon, and saw 27 of its levels.
You also visited: Sewer, Bailey and Ice Cave.

You collected 2845 gold pieces.
You spent 2099 gold pieces at shops.

Inventory:

Hand Weapons
 D - a +0 scimitar of flaming
 J - a +5 demon blade
 T - a +9 double sword of slicing (weapon)
Missiles
 d - 13 throwing nets (quivered)
Armour
 a - the +0 hat of Tomorrow (worn) {Regen+}
   (You found it in an ice cave)

   It increases your rate of regeneration.
 s - a +0 pair of gloves (worn)
 B - the +8 scale mail of the Louse (worn) {rF- Dex+4 Stlth+}
   (You bought it in a shop on level 7 of the Dungeon)

   It affects your dexterity (+4).
   It makes you vulnerable to fire.
   It makes you more stealthy.
 G - a +1 hat of magic resistance
 H - the +2 pair of boots of the Assassin (worn) {Detection Stab+ Stlth++}
   (You found it on level 1 of the Lair of Beasts)

   It makes you much more stealthy.
 Y - the +0 cloak of Osa Biff (worn) {rPois MR+}
   (Okawaru gifted it to you on level 14 of the Dungeon)

   It protects you from poison.
   It affects your resistance to hostile enchantments.
Jewellery
 m - the ring "Hiofann" (right hand) {rC+ Int+5}
   (You found it on level 3 of the Swamp)

   [ring of protection from cold]

   It affects your intelligence (+5).
   It protects you from cold.
 u - a ring of protection from fire (left hand)
 v - an uncursed ring of protection from cold
 A - an uncursed amulet of rage
 K - an uncursed ring of protection from fire
Wands
 b - a wand of flame (112)
 o - a wand of clouds (2)
 w - a wand of random effects (14)
 L - a wand of digging (22)
 N - a wand of enslavement (12)
 P - a wand of acid (20)
 R - a wand of disintegration (15)
 U - a wand of polymorph (11)
 Z - a wand of iceblast (9)
Scrolls
 g - 12 scrolls of remove curse
 i - 9 scrolls of blinking
 l - 7 scrolls of magic mapping
 n - 12 scrolls of teleportation
 y - 3 scrolls of fear
 z - 8 scrolls of identify
 O - a scroll of holy word
 Q - 3 scrolls of amnesia
 S - a scroll of silence
 V - 2 scrolls of fog
 X - 5 scrolls of enchant armour
Potions
 c - 5 potions of flight
 e - a potion of haste
 h - 9 potions of brilliance
 j - 4 potions of agility
 k - 4 potions of lignification
 q - 2 potions of magic
 r - 3 potions of mutation
 x - a potion of invisibility
 C - 3 potions of heal wounds
 E - 2 potions of might
 F - 3 potions of cancellation
 I - 3 potions of berserk rage
 M - 11 potions of curing
 W - 3 potions of ambrosia
Miscellaneous
 p - a sack of spiders
 t - a fan of gales
Comestibles
 f - 44 rations


   Skills:
 + Level 13.0 Fighting
 + Level 16.8 Long Blades
 - Level 2.0 Throwing
 + Level 9.6 Armour
 * Level 14.7 Dodging
 + Level 11.9 Stealth
 - Level 8.0 Invocations


You had 16 spell levels left.
You didn't know any spells.

Dungeon Overview and Level Annotations

Branches:
Dungeon (15/15)            Temple (0/1) D:5            Lair (6/6) D:8
  Swamp (4/4) Lair:4       Spider (0/4) Lair:4        Slime (0/5) Lair:5
    Orc (2/2) D:9             Elf (0/3) Orc:2        Vaults (0/5) D:14
 Depths (0/5) D:15

Altars:
Ashenzari
Cheibriados
Elyvilon
Fedhas
Hepliaklqana
Okawaru
Ru
Sif Muna
Trog
Vehumet
Xom
Yredelemnul
The Shining One
Jiyva

Shops:
D:7 [   D:8 *   D:12 *   Orc:1 *   Orc:2 *:[(


Innate Abilities, Weirdness & Mutations

You are small and have problems with some larger weapons.
You are somewhat resistant to further mutation.


Message History

The seven-headed hydra simulacrum closely misses you.
You riposte.
You completely miss the seven-headed hydra simulacrum.
The seven-headed hydra simulacrum is moderately damaged.
The seven-headed hydra simulacrum closely misses you.
The seven-headed hydra simulacrum bites you.
The seven-headed hydra simulacrum freezes you!
You resist.
* * * LOW HITPOINT WARNING * * *
The seven-headed hydra simulacrum bites you.
* * * LOW HITPOINT WARNING * * *
The seven-headed hydra simulacrum freezes you!
You resist.
* * * LOW HITPOINT WARNING * * *
The seven-headed hydra simulacrum misses you. x2
The seven-headed hydra simulacrum bites you.
* * * LOW HITPOINT WARNING * * *
The seven-headed hydra simulacrum freezes you!
You resist.
You die...

♣.≈..≈≈≈≈≈.♣♣♣≈≈≈♣
♣≈...≈≈≈≈≈≈.♣≈≈≈♣
♣♣≈≈≈≈≈≈≈≈≈♣..≈≈♣♣
♣≈...≈≈≈≈≈♣♣♣..≈≈♣
.≈≈.≈≈.§≈♣♣ ♣♣..♣♣
.≈≈≈≈≈.♣≈♣♣♣♣≈≈.≈#
≈≈≈≈≈≈....♣♣≈≈.≈♣#
≈≈≈≈≈≈....♣≈≈≈.≈≈♣#.#.♣
≈≈≈≈≈≈...≈♣♣≈≈≈.@Z.§§#
≈≈.≈..≈......≈≈.≈#♣#§§♣
.≈...♣..≈♣.....≈≈# §
...).....≈♣♣♣♣≈≈♣♣
....≈.≈≈(.≈♣ ♣♣≈≈♣
≈≈≈≈≈≈≈≈≈≈≈♣ ♣♣♣♣
≈≈≈≈≈≈≈≈≈.♣♣
♣.≈≈≈≈≈≈≈.♣
.≈≈≈..^≈≈≈♣♣♣♣♣♣♣


You could see a seven-headed hydra simulacrum.

Vanquished Creatures
  Gastronok (D:8)
  Agnes (D:15)
  A thorn hunter (Swamp:4)
  An orc warlord (Orc:1)
  A frost giant (IceCv)
  A stone giant (Orc:2)
  A fire dragon (Lair:6)
  Fannar (Lair:3)
  Josephine (D:15)
  A rakshasa (D:13)
  9 hydras
  A death knight (D:11)
  A catoblepas (D:13)
  A centaur warrior (D:14)
  Erica (D:8)
  9 alligators
  An ogre mage (D:15)
  An anaconda (Lair:4)
  13 two-headed ogres
  A dancing weapon (Orc:1)
  5 death yaks
  4 orc high priests
  3 spriggans
  A fire crab (shapeshifter) (D:15)
  3 unseen horrors
  5 swamp dragons
  2 spriggan druids
  A shambling mangrove (Swamp:3)
  A lindwurm (Lair:6)
  2 wolf spider zombies
  A phantasmal warrior (D:11)
  5 orc knights
  2 deep elf magi
  2 orc sorcerers (Orc:2)
  6 cyclopes
  6 elephants (Lair:6)
  3 ugly things (D:15)
  8 black mambas
  2 molten gargoyles (Lair:6)
  An ice statue (IceCv)
  2 centaur skeletons
  Psyche (D:8)
  A spiny frog (shapeshifter) (D:15)
  14 spiny frogs
  3 rime drakes
  19 komodo dragons
  3 kobold demonologists (D:14)
  2 tengu conjurers (D:14)
  6 freezing wraiths
  2 trolls
  8 tyrant leeches
  A queen bee (Lair:1)
  10 hornets
  20 polar bears
  A jumping spider (Lair:4)
  Grinder (D:6)
  A wind drake (shapeshifter) (D:15)
  10 blink frogs
  2 bog bodies (Swamp:2)
  10 slime creatures
  6 hippogriffs
  A redback (Lair:4)
  A shadow (D:13)
  5 hungry ghosts
  7 wraiths
  5 wyverns
  39 yaks
  A fire bat (shapeshifter) (D:15)
  2 hogs (D:7)
  7 basilisks
  3 steam dragons
  A human (D:7)
  5 swamp worm simulacra (Swamp:4)
  6 vampire mosquitoes
  9 insubstantial wisps
  3 wargs
  17 swamp worms
  7 hydra simulacra (Swamp:4)
  4 hell hounds (Lair:6)
  Duvessa (D:5)
  14 water moccasins
  4 porcupines
  4 swamp drakes
  3 phantoms (D:8)
  36 orc warriors
  A sky beast (D:10)
  A black bear (Lair:4)
  8 ogres
  7 ice beasts
  3 boggarts (D:15)
  2 necrophages (D:13)
  10 wolves
  6 centaurs
  13 crocodiles
  2 big kobolds
  24 bullfrogs
  2 wyvern zombies
  9 gnoll sergeants
  Dowan (D:5)
  3 scorpions
  12 wights
  45 killer bees
  2 electric eels
  6 crimson imps
  5 lava snakes (Lair:6)
  4 bullfrog zombies
  3 centaur zombies
  5 human zombies (D:13)
  10 jellies
  11 hounds
  12 orc priests
  7 gnoll shamans
  2 bullfrog skeletons
  Jessica (D:2)
  14 orc wizards
  A human skeleton (D:13)
  4 iguanas
  5 hell rats (Lair:6)
  7 worker ants
  A statue (D:7)
  An ogre zombie (D:13)
  A hound skeleton (D:4)
  A mummy (D:13)
  A howler monkey zombie (D:5)
  Robin (D:2)
  2 howler monkey skeletons
  19 gnolls
  28 adders
  3 swamp drake simulacra (Swamp:4)
  13 oozes (D:7)
  4 adder skeletons
  6 worms
  2 dart slugs (D:1)
  5 leopard geckos
  65 orcs
  13 giant cockroaches
  17 goblins
  13 hobgoblins
  6 jackals (D:1)
  4 quokkas
  5 ball pythons
  6 bats
  10 frilled lizards
  A giant cockroach zombie (D:6)
  A jackal skeleton (D:6)
  19 kobolds
  3 quokka zombies
  11 rats
929 creatures vanquished.

Vanquished Creatures (others)
  A bog body (Swamp:4)
  A swamp worm (Swamp:4)
  4 insubstantial wisps (Swamp:4)
  An orc warrior (Orc:2)
  8 fungi
  4 plants
19 creatures vanquished.

Grand Total: 948 creatures vanquished

Notes
Turn   | Place    | Note
-------+----------+-------------------------------------------
     0 | D:1      | inmateoo the Halfling Gladiator began the quest for the Orb.
     0 | D:1      | Reached XP level 1. HP: 14/14 MP: 1/1
    99 | D:1      | Reached XP level 2. HP: 16/19 MP: 2/2
   274 | D:1      | Reached skill level 1 in Armour
   319 | D:1      | Reached XP level 3. HP: 24/24 MP: 3/3
   871 | D:2      | Noticed Robin
   896 | D:2      | Reached XP level 4. HP: 19/29 MP: 4/4
  1268 | D:2      | Killed Robin
  1493 | D:2      | Reached XP level 5. HP: 35/35 MP: 5/5
  1647 | D:2      | Noticed Jessica
  1652 | D:2      | Killed Jessica
  1652 | D:2      | Reached skill level 4 in Long Blades
  1851 | D:3      | Found a shattered altar of Ashenzari.
  2046 | D:3      | Found a snail-covered altar of Cheibriados.
  2203 | D:3      | Reached XP level 6. HP: 41/41 MP: 6/6
  2221 | D:3      | Found a glowing drain.
  2225 | Sewer    | Entered a sewer
  2430 | Sewer    | Reached skill level 5 in Dodging
  2663 | D:3      | Reached XP level 7. HP: 42/45 MP: 7/7
  2820 | D:3      | Found a deep blue altar of Sif Muna.
  2873 | D:4      | Reached skill level 5 in Long Blades
  3131 | D:4      | Found an iron altar of Okawaru.
  3144 | D:4      | Became a worshipper of Warmaster Okawaru
  3697 | D:5      | Entered Level 5 of the Dungeon
  3868 | D:5      | Noticed Duvessa
  3869 | D:5      | Noticed Dowan
  3879 | D:5      | Killed Duvessa
  3879 | D:5      | Reached XP level 8. HP: 44/52 MP: 8/8
  3895 | D:5      | Killed Dowan
  4142 | D:5      | Found a staircase to the Ecumenical Temple.
  4360 | D:5      | Reached skill level 6 in Long Blades
  4402 | D:5      | Reached * piety under Okawaru
  4472 | D:5      | Reached skill level 1 in Invocations
  5060 | D:6      | Found a bloodstained altar of Trog.
  5070 | D:6      | Reached XP level 9. HP: 53/58 MP: 10/10
  5124 | D:6      | Noticed Grinder
  5279 | D:6      | Reached ** piety under Okawaru
  5303 | D:6      | Reached skill level 7 in Long Blades
  5620 | D:6      | Found a sacrificial altar of Ru.
  5620 | D:6      | Found a white marble altar of Elyvilon.
  6132 | D:6      | Reached skill level 8 in Long Blades
  6193 | D:6      | Reached skill level 5 in Fighting
  6234 | D:6      | Killed Grinder
  6234 | D:6      | Reached *** piety under Okawaru
  6310 | D:7      | Reached XP level 10. HP: 66/66 MP: 13/13
  6333 | D:7      | Found a shimmering altar of Xom.
  6514 | D:7      | Reached skill level 9 in Long Blades
  6803 | D:7      | Found a basalt altar of Yredelemnul.
  6856 | D:7      | Found Utsok's Antique Armour Emporium.
  6862 | D:7      | Bought a brightly glowing scale mail for 234 gold pieces
  6872 | D:7      | Identified the +8 scale mail of the Louse {rF- Dex+4 Stlth+} (You bought it in a shop on level 7 of the Dungeon)
  6936 | D:7      | Found a radiant altar of Vehumet.
  7051 | D:7      | Reached skill level 10 in Long Blades
  7065 | D:7      | Reached **** piety under Okawaru
  7382 | D:7      | Found a hazy altar of Hepliaklqana.
  7920 | D:8      | Noticed Psyche
  7927 | D:8      | Killed Psyche
  7927 | D:8      | Reached skill level 11 in Long Blades
  7927 | D:8      | Reached XP level 11. HP: 75/75 MP: 14/14
  7972 | D:8      | Noticed Gastronok
  7973 | D:8      | Found a staircase to the Lair.
  7975 | D:8      | Noticed Erica
  7981 | Lair:1   | Entered Level 1 of the Lair of Beasts
  8060 | Lair:1   | Noticed a six-headed hydra
  8100 | D:8      | Killed Erica
  8100 | D:8      | Reached ***** piety under Okawaru
  8109 | D:8      | Killed Gastronok
  8109 | D:8      | Reached skill level 12 in Long Blades
  8162 | Lair:1   | Killed a one-headed hydra
  8162 | Lair:1   | Received a gift from Okawaru
  8488 | Lair:1   | Found a frozen archway.
  8513 | IceCv    | Entered an ice cave
  8544 | IceCv    | Reached XP level 12. HP: 22/87 MP: 13/15
  8550 | IceCv    | Reached skill level 10 in Fighting
  8990 | IceCv    | Received a gift from Okawaru
  9206 | IceCv    | Reached skill level 5 in Armour
  9206 | IceCv    | Reached skill level 5 in Invocations
  9476 | IceCv    | Noticed a frost giant
  9507 | IceCv    | Killed a frost giant
  9620 | IceCv    | Reached skill level 13 in Long Blades
  9977 | IceCv    | Got a bloodstained hat
  9988 | IceCv    | Identified the +0 hat of Tomorrow {Regen+} (You found it in an ice cave)
 10206 | Lair:1   | Found the +2 pair of boots of the Assassin {Detection Stab+ Stlth++}
 10211 | Lair:1   | Received a gift from Okawaru
 10222 | Lair:1   | Got a scorched broad axe {god gift}
 10223 | Lair:1   | Identified the +4 broad axe of Extinguishment {chop, *Contam rC++ Str+3} (Okawaru gifted it to you on level 1 of the Lair of Beasts)
 10539 | Lair:1   | Reached skill level 1 in Stealth
 10657 | Lair:2   | Found a blossoming altar of Fedhas.
 10690 | Lair:2   | Reached XP level 13. HP: 82/93 MP: 15/17
 11643 | Lair:3   | Noticed Fannar
 11668 | Lair:3   | Killed Fannar
 11668 | Lair:3   | Received a gift from Okawaru
 11731 | Lair:3   | Reached skill level 5 in Stealth
 12543 | Lair:4   | Noticed an anaconda
 12559 | Lair:4   | Killed an anaconda
 12563 | Lair:4   | Noticed a four-headed hydra
 12564 | Lair:4   | Found a hole to the Spider Nest.
 12787 | Lair:4   | Found a staircase to the Swamp.
 13143 | Lair:4   | Reached skill level 14 in Long Blades
 13226 | Lair:4   | Killed a one-headed hydra
 13497 | Lair:5   | Reached XP level 14. HP: 101/101 MP: 19/19
 13762 | Lair:5   | Found a staircase to the Slime Pits.
 13763 | Lair:5   | Found a viscous altar of Jiyva.
 14031 | Lair:6   | Entered Level 6 of the Lair of Beasts
 14033 | Lair:6   | Reached skill level 10 in Dodging
 14040 | Lair:6   | Reached ****** piety under Okawaru
 14040 | Lair:6   | Received a gift from Okawaru
 14355 | Lair:5   | Received a gift from Okawaru
 15642 | Lair:6   | Found a large runed door.
 15643 | Lair:6   | Found a large runed door.
 15745 | Lair:6   | Got a heavily runed ring mail
 15756 | Lair:6   | Identified the +3 ring mail "Somoq" {*Slow rElec Str-3 Int+8} (You found it on level 6 of the Lair of Beasts)
 16059 | D:8      | Found Piocusuj's Assorted Antiques.
 16068 | D:8      | Bought a slimy jade amulet for 115 gold pieces
 16068 | D:8      | Bought a scroll of magic mapping for 80 gold pieces
 16068 | D:8      | Bought a runed double sword for 414 gold pieces
 16068 | D:8      | Bought a potion of agility for 92 gold pieces
 16072 | D:8      | Identified the amulet "Giuzinwu" {Inacc Dex+2} (You bought it in a shop on level 8 of the Dungeon)
 16516 | D:9      | Reached skill level 15 in Long Blades
 16531 | D:9      | Found a glowing golden altar of the Shining One.
 16614 | D:9      | Found a staircase to the Orcish Mines.
 16761 | D:9      | Reached XP level 15. HP: 101/107 MP: 19/21
 16988 | D:10     | Entered Level 10 of the Dungeon
 17030 | D:10     | Found a flagged portal.
 17083 | Bailey   | Entered a bailey
 17118 | Bailey   | Reached skill level 10 in Stealth
 17733 | D:10     | Received a gift from Okawaru
 18991 | D:12     | Found Peotsasch's Assorted Antiques.
 18996 | D:12     | Bought a scroll labeled FIKICRULOF for 35 gold pieces
 19742 | D:13     | Found a basalt altar of Yredelemnul.
 19958 | D:13     | Reached skill level 16 in Long Blades
 20281 | D:14     | Received a gift from Okawaru
 20522 | D:14     | Found a gate to the Vaults.
 20526 | D:14     | Received a gift from Okawaru
 20529 | D:14     | Got an encrusted cloak {god gift}
 20540 | D:14     | Identified the +0 cloak of Osa Biff {rPois MR+} (Okawaru gifted it to you on level 14 of the Dungeon)
 20901 | D:15     | Entered Level 15 of the Dungeon
 21146 | D:15     | Noticed Josephine
 21157 | D:15     | Killed Josephine
 21162 | D:15     | Reached XP level 16. HP: 105/114 MP: 22/22
 21510 | D:15     | Noticed Agnes
 21515 | D:15     | Killed Agnes
 21944 | D:15     | Found a staircase to the Depths.
 22080 | D:12     | Bought 3 scrolls of enchant weapon for 787 gold pieces
 22199 | Orc:1    | Entered Level 1 of the Orcish Mines
 22339 | Orc:2    | Entered Level 2 of the Orcish Mines
 22591 | Orc:1    | Received a gift from Okawaru
 22775 | Orc:1    | Found Nonn's Assorted Antiques.
 22800 | Orc:1    | Bought a bubbling red potion for 27 gold pieces
 22800 | Orc:1    | Bought a scroll of blinking for 225 gold pieces
 22800 | Orc:1    | Bought a scroll of teleportation for 90 gold pieces
 22871 | Orc:2    | Found Fouxima's Antique Armour Emporium.
 23188 | Orc:2    | Found Hywid's General Store.
 23406 | Orc:2    | Found Waliroc's Antique Weapon Shop.
 23424 | Orc:2    | Found Veowurei's Book Shoppe.
 23431 | Orc:2    | Found a staircase to the Elven Halls.
 24022 | Lair:1   | Upgraded the game from 0.22-a0-406-g9ff8d77 to 0.22-a0-407-gb098539
 24069 | Swamp:1  | Entered Level 1 of the Swamp
 24176 | Swamp:1  | Paralysed by a hornet for 1 turns
 25052 | Swamp:2  | Reached XP level 17. HP: 121/121 MP: 23/23
 25290 | Swamp:2  | Received a gift from Okawaru
 25918 | Swamp:3  | Received a gift from Okawaru
 26061 | Swamp:3  | Got a scorched steel ring
 26062 | Swamp:3  | Identified the ring "Hiofann" {rC+ Int+5} (You found it on level 3 of the Swamp)
 26321 | Swamp:4  | Entered Level 4 of the Swamp
 26511 | Swamp:4  | Noticed a thorn hunter
 26530 | Swamp:4  | Killed a thorn hunter
 27099 | Swamp:4  | HP: 6/122 [seven-headed hydra simulacrum (3)]
 27099 | Swamp:4  | Slain by a seven-headed hydra simulacrum

Vault maps used:
D:1:      matt_arrival_los_fun
D:2:      minmay_tetromino_o4, uniq_jessica, uniq_robin
D:3:      overflow_temple_1_default, tgw_sif, evilmike_ruin_ashenzari,
          lightli_sewer_entry_pipes
D:4:      okawaru_altar_gauntlet_db
D:5:      minmay_temple_entry_statues, first_ration, uniq_duvessa
D:6:      gammafunk_temple_overflow_elements, old_standard_altar, uniq_grinder
D:7:      lemuel_slime, vehumet_statue, lemuel_doored_altar,
          lemuel_crystal_altar, kennysheep_little_box, serial_shops,
          shop_fountains, grunt_livestock
D:8:      lair_entry_dummy, serial_shops, shop, uniq_psyche, uniq_gastronok,
          uniq_erica
D:9:      tso_oasis_becter, orc_0_dummy
D:10:     enter_bailey_3, minmay_unpleasant_kobolds
D:12:     serial_shops, nicolae_shop_stone
D:13:     cheibrodos_elevator_heist, hex_medium,
          lemuel_mausoleum_altar_yredelemnul
D:14:     david_vaults_1
D:15:     gammafunk_enter_depths_forms, uniq_josephine, uniq_agnes
Lair:1:   statuecave_lemuel, portal_ice_cave_rime
Lair:2:   special_room, basic_altar, nicolae_quartered_pool_super,
          serial_bayou_shore_a
Lair:3:   st_stairs_12, lemuel_fruit_fields, uniq_fannar
Lair:4:   swamp_mist_pool, spider_nest_entry_a, nzn_random_ring
Lair:5:   slime_altar_1
Lair:6:   cheibrodos_lair_end_hotspot
Swamp:1:  serial_swamp_ruin, evilmike_swamp_ruin_wall,
          evilmike_swamp_ruin_house_2, swamp_pool1, infiniplex_staircase_pool
Swamp:2:  evilmike_swamp_ruin_house_5, swamp_pool3,
          nicolae_swamp_very_dense_foliage
Swamp:3:  nicolae_swamp_fairy_circle
Swamp:4:  swamp_icy
Orc:1:    basic_altar, serial_shops, nicolae_shop_stone,
          nicolae_orc_sculptors_studio, sword_in_stone
Orc:2:    grunt_orc_gardens, grunt_orc_garden, grunt_orc_garden,
          grunt_orc_garden, grunt_orc_garden
Sewer:    sewer_frog_island_01
Bailey:   bailey_polearm_gnolls_kennysheep, bailey
IceCv:    ice_cave_small_giant

Skill      XL: |  1  2  3  4  5  6  7  8  9 10 11 12 13 14 15 16 17 |
---------------+----------------------------------------------------+-----
Armour         | 1 2 3 4 5 7 9 |  9.6
Fighting       | 2 3 4 5 7 9 10 11 12 13 | 13.0
Dodging        | 4 5 6 7 8 9 10 12 14 | 14.7
Long Blades    | 4 5 6 8 11 12 13 14 15 16 | 16.8
Invocations    | 1 4 5 7 8 |  8.0
Stealth        | 1 6 9 10 11 | 11.9
Throwing       | |  2.0

Action                   |  1- 3 |  4- 6 |  7- 9 | 10-12 | 13-15 | 16-18 || total
-------------------------+-------+-------+-------+-------+-------+-------++-------
Melee: Long sword        |    85 |   141 |   286 |   492 |   652 |       ||  1656
       Punch             |       |       |       |     6 |     5 |       ||    11
       Scimitar          |       |       |       |    31 |    17 |    36 ||    84
       Double sword      |       |       |       |       |   553 |   623 ||  1176
Invok: Heroism           |       |       |       |     8 |     7 |     5 ||    20
 Abil: Evoke Berserk Rag |       |       |     1 |     1 |       |       ||     2
Evoke: Wand              |       |       |     4 |     7 |     5 |     4 ||    20
  Use: Scroll            |       |     5 |     7 |     9 |    14 |     7 ||    42
       Potion            |       |       |     1 |    19 |     1 |       ||    21
 Stab: Sleeping          |     1 |     3 |     4 |     7 |    69 |    13 ||    97
       Paralysed         |       |       |     2 |       |     1 |       ||     3
       Distracted        |       |       |       |     2 |     2 |     3 ||     7
       Invisible         |       |       |       |     6 |       |     1 ||     7
       Petrifying        |       |       |       |       |     1 |       ||     1
       Confused          |       |       |       |       |       |     5 ||     5
  Eat: Chunk             |       |     6 |    14 |    14 |    33 |     9 ||    76
       Ration            |       |       |       |     1 |     1 |     3 ||     5
Armor: Leather armour    |    19 |    38 |    58 |     3 |       |       ||   118
       Scale mail        |       |       |       |   168 |   331 |   174 ||   673
Dodge: Dodged            |   107 |   180 |   300 |   482 |  1198 |   739 ||  3006
       Rpst.: Long sword |    27 |    62 |    89 |    97 |   193 |       ||   468
       Scimitar          |       |       |       |     4 |     5 |     6 ||    15
       Double sword      |       |       |       |       |   106 |   133 ||   239

Table legend:
 A = Spawn XP
 B = Non-spawn XP
 C = Spawn XP percentage of total XP
 D = Spawn monster count
 E = Non-spawn monster count
 F = Spawn count percentage of total count
 G = Total turns spent on level
                    A         B        C        D         E        F      G
               +---------+---------+-------+---------+---------+-------+---------
         Total |       0 |  178080 |   0.0 |       0 |     929 |   0.0 | 27099
               +---------+---------+-------+---------+---------+-------+---------
           D:1 |       0 |      52 |   0.0 |       0 |      31 |   0.0 |   861
           D:2 |       0 |     135 |   0.0 |       0 |      27 |   0.0 |   931
           D:3 |       0 |     143 |   0.0 |       0 |      31 |   0.0 |   639
           D:4 |       0 |     325 |   0.0 |       0 |      30 |   0.0 |   851
           D:5 |       0 |     980 |   0.0 |       0 |      29 |   0.0 |  1546
           D:6 |       0 |    1942 |   0.0 |       0 |      37 |   0.0 |  1018
           D:7 |       0 |    3139 |   0.0 |       0 |      43 |   0.0 |  1512
           D:8 |       0 |    5449 |   0.0 |       0 |      30 |   0.0 |   822
           D:9 |       0 |    2044 |   0.0 |       0 |      12 |   0.0 |   605
          D:10 |       0 |    4624 |   0.0 |       0 |      44 |   0.0 |   933
          D:11 |       0 |    7358 |   0.0 |       0 |      43 |   0.0 |   689
          D:12 |       0 |    4266 |   0.0 |       0 |      19 |   0.0 |   347
          D:13 |       0 |    5923 |   0.0 |       0 |      40 |   0.0 |  1032
          D:14 |       0 |    7289 |   0.0 |       0 |      27 |   0.0 |   648
          D:15 |       0 |   20793 |   0.0 |       0 |      41 |   0.0 |  1135
        Lair:1 |       0 |    4937 |   0.0 |       0 |      20 |   0.0 |  1074
        Lair:2 |       0 |    4004 |   0.0 |       0 |      35 |   0.0 |   621
        Lair:3 |       0 |    5530 |   0.0 |       0 |      20 |   0.0 |  1118
        Lair:4 |       0 |    7848 |   0.0 |       0 |      32 |   0.0 |   910
        Lair:5 |       0 |    4883 |   0.0 |       0 |      16 |   0.0 |   968
        Lair:6 |       0 |   21129 |   0.0 |       0 |      64 |   0.0 |  1678
       Swamp:1 |       0 |    7799 |   0.0 |       0 |      24 |   0.0 |   710
       Swamp:2 |       0 |   12292 |   0.0 |       0 |      31 |   0.0 |   795
       Swamp:3 |       0 |    9735 |   0.0 |       0 |      21 |   0.0 |   747
       Swamp:4 |       0 |    8331 |   0.0 |       0 |      29 |   0.0 |   778
         Orc:1 |       0 |    5186 |   0.0 |       0 |      21 |   0.0 |   581
         Orc:2 |       0 |   10243 |   0.0 |       0 |      46 |   0.0 |  1146
         Sewer |       0 |     234 |   0.0 |       0 |      20 |   0.0 |   415
        Bailey |       0 |    1220 |   0.0 |       0 |      30 |   0.0 |   360
         IceCv |       0 |   10247 |   0.0 |       0 |      36 |   0.0 |  1629
               +---------+---------+-------+---------+---------+-------+---------
